Map: Vaani Research Station (Void)

Players

nisezou

  • Race: Protoss Protoss
  • League: Diamond
  • Spawn Location: 12:00

Navi - Winner!

  • Race: Terran Terran
  • League: Diamond
  • Spawn Location: 6:00

VOD

Have the link to the VOD?

Description

Time

  • Played on: Jan. 14, 2017, 11:30 a.m.
  • Length: 12:35
Show
View Real Time Build Order
Export as new Build Order

nisezou Protoss 

Build Orders: 1 Gate Expand 

Get SALT Encoding   

  12  0:01  Probe (Chrono Boost)  
  13  0:12  Probe (Chrono Boost)  
  14  0:18  Pylon  
  14  0:22  Probe (Chrono Boost)  
  15  0:36  Probe (Chrono Boost)  
  15  0:37  Gateway  
  16  0:47  Probe (Chrono Boost)  
  16  0:48  Assimilator  
  17  0:57  Probe (Chrono Boost)  
  18  1:08  Probe (Chrono Boost)  
  19  1:21  Nexus  
  19  1:31  Cybernetics Core  
  19  1:41  Probe (Chrono Boost), Assimilator  
  20  1:52  Probe (Chrono Boost)  
  21  1:55  Pylon  
  21  2:11  Mothership Core (Chrono Boost)  
  23  2:18  Adept  
  25  2:25  Warp Gate  
  25  2:31  Probe (Chrono Boost)  
  25  2:34  Probe (Chrono Boost)  
  27  2:42  Probe (Chrono Boost)  
  28  2:44  Probe (Chrono Boost)  
  28  2:45  Stalker  
  31  2:52  Probe (Chrono Boost)  
  31  2:56  Probe (Chrono Boost)  
  33  3:03  Probe (Chrono Boost)  
  33  3:04  Robotics Facility  
  33  3:07  Probe (Chrono Boost)  
  34  3:13  Probe (Chrono Boost)  
  34  3:16  Pylon  
  34  3:17  Probe (Chrono Boost)  
  36  3:24  Probe (Chrono Boost)  
  37  3:28  Probe (Chrono Boost)  
  37  3:31  Adept  
  40  3:39  Probe (Chrono Boost)  
  41  3:42  Probe (Chrono Boost)  
  42  3:51  Observer  
  42  3:52  Gateway  
  42  3:53  Gateway  
  42  3:55  Adept  
  45  4:03  Pylon  
  45  4:14  Observer  
  46  4:21  Probe (Chrono Boost)  
  47  4:28  Probe (Chrono Boost)  
  47  4:30  Twilight Council  
  48  4:34  Assimilator  
  48  4:36  Pylon  
  43  4:50  Stalker x2  
  43  4:51  Stalker  
  48  5:03  Pylon  
  48  5:08  Pylon  
  48  5:10  Probe (Chrono Boost)  
  48  5:11  Probe (Chrono Boost)  
  51  5:21  Probe (Chrono Boost)  
  51  5:23  Probe (Chrono Boost)  
  51  5:25  Pylon  
  51  5:27  Gateway  
  52  5:28  Blink  
  52  5:29  Gateway  
  52  5:32  Robotics Bay, Probe (Chrono Boost)  
  52  5:35  Probe (Chrono Boost)  
  54  5:41  Observer  
  55  5:43  Probe (Chrono Boost)  
  55  5:47  Probe (Chrono Boost)  
  56  5:51  Pylon  
  56  5:55  Probe (Chrono Boost)  
  57  6:03  Stalker x2  
  52  6:25  Probe (Chrono Boost)  
  53  6:32  Stalker x3  
  54  6:33  Probe (Chrono Boost)  
  54  6:37  Probe (Chrono Boost)  
  56  6:44  Disruptor  
  56  6:45  Probe (Chrono Boost)  
  56  6:49  Probe (Chrono Boost)  
  60  6:57  Probe (Chrono Boost)  
  60  7:00  Probe (Chrono Boost)  
  60  7:01  Stalker x2, Assimilator  
  66  7:09  Probe (Chrono Boost)  
  66  7:11  Probe (Chrono Boost)  
  55  7:20  Stalker  
  55  7:21  Probe (Chrono Boost)  
  55  7:22  Probe (Chrono Boost)  
  59  7:28  Disruptor  
  62  7:32  Probe (Chrono Boost)  
  62  7:34  Probe (Chrono Boost)  
  64  7:38  Pylon  
  64  7:42  Pylon  
  64  7:43  Probe (Chrono Boost)  
  66  7:44  Probe (Chrono Boost)  
  66  7:49  Stalker  
  68  7:53  Probe (Chrono Boost)  
  68  7:55  Probe (Chrono Boost)  
  70  7:59  Stalker  
  72  8:05  Warp Prism  
  74  8:15  Stalker  
  74  8:17  Stalker  
  78  8:26  Stalker  
  80  8:33  Stalker  
  82  8:40  Probe (Chrono Boost)  
  83  8:41  Pylon  
  83  8:55  Stalker x3  
  89  9:13  Adept x2  
  85  9:20  Pylon  
  85  9:22  Pylon  
  80  9:25  Pylon  
  80  9:27  Pylon  
  72  9:42  Observer  
  69  9:49  Mothership Core (Chrono Boost)  
  59  10:09  Pylon  
  2  10:37  Pylon  
  2  10:38  Pylon  
  2  10:39  Pylon  
  2  10:52  Pylon  
Show
View Real Time Build Order
Export as new Build Order

Navi Terran - Winner!

Build Orders: MMM Bio 

Get SALT Encoding   

  12  0:01  SCV  
  13  0:13  SCV  
  14  0:18  Supply Depot  
  14  0:25  SCV  
  15  0:29  Refinery  
  15  0:40  SCV  
  16  0:47  Barracks  
  16  0:52  SCV  
  17  1:04  SCV  
  18  1:12  Supply Depot  
  18  1:22  SCV  
  19  1:36  Factory, Orbital Command  
  19  1:38  Marine  
  20  1:56  Marine  
  21  2:02  SCV  
  22  2:14  Marine, SCV  
  24  2:31  Marine  
  25  2:40  Command Center  
  25  2:48  Starport, Supply Depot  
  25  2:49  Marine  
  25  3:06  Widow Mine  
  25  3:07  Marine  
  25  3:09  SCV  
  29  3:13  Refinery  
  29  3:15  Barracks  
  29  3:21  SCV  
  29  3:25  Medivac  
  32  3:29  Engineering Bay  
  30  3:41  Marine  
  30  3:45  SCV  
  32  3:49  Barracks  
  32  3:54  Orbital Command  
  32  3:57  SCV  
  35  4:03  Barracks Tech Lab  
  35  4:04  Starport Reactor  
  35  4:06  Barracks Reactor  
  35  4:09  SCV  
  36  4:21  SCV  
  35  4:25  SCV, Stimpack  
  35  4:28  Liberator  
  36  4:33  SCV  
  36  4:38  SCV  
  38  4:44  Barracks Reactor, Marine x3  
  44  4:53  SCV x2  
  44  4:54  Missile Turret  
  45  5:04  Marine x2  
  45  5:05  Marauder, SCV  
  45  5:06  SCV  
  51  5:08  Supply Depot  
  51  5:09  Missile Turret  
  51  5:18  SCV  
  51  5:21  Medivac  
  54  5:24  Barracks  
  54  5:27  Supply Depot  
  54  5:29  Marine x4  
  54  5:30  Supply Depot  
  58  5:38  Barracks  
  58  5:40  Medivac  
  60  5:46  SCV x2  
  60  5:49  Supply Depot  
  62  5:54  Marine x2  
  62  5:55  Marine  
  65  5:58  SCV  
  66  6:22  Marine x2, Marauder  
  66  6:23  Barracks Tech Lab  
  70  6:25  Combat Shields  
  70  6:27  Barracks Tech Lab  
  67  6:33  Marine x2  
  67  6:34  Medivac  
  67  6:39  Marine  
  70  6:44  Marauder  
  70  6:53  Marine x2, Marauder x2  
  76  6:56  Supply Depot  
  76  6:58  Supply Depot  
  76  7:05  Marauder  
  78  7:13  Marine x2  
  78  7:14  Marauder x2  
  77  7:19  Marine x2  
  77  7:20  SCV  
  77  7:21  SCV  
  75  7:23  Refinery x2  
  75  7:27  Marauder  
  77  7:36  Marauder x2  
  81  7:37  Concussive Shells  
  81  7:39  Viking  
  83  7:45  Command Center  
  83  7:48  Marauder  
  85  7:52  Viking  
  85  7:54  Marine  
  85  7:57  Marauder x2  
  92  8:08  SCV x2  
  92  8:09  Marauder  
  96  8:16  Marine  
  96  8:18  Marauder  
  96  8:19  Marauder  
  101  8:20  SCV  
  102  8:36  Medivac  
  102  8:39  Medivac, Marauder, Supply Depot  
  102  8:40  Marauder, Supply Depot x3  
  108  8:50  Missile Turret  
  108  8:51  Marauder  
  108  8:55  Missile Turret  
  110  8:56  Terran Infantry Weapons Level 1  
  110  9:01  Marauder x2  
  115  9:09  Marine x2  
  117  9:13  Marauder  
  117  9:16  Missile Turret  
  118  9:22  Marauder  
  118  9:23  Marauder  
  123  9:34  Marauder  
  124  9:44  Marauder x2  
  126  9:56  Marauder  
  127  10:04  Marine  
  127  10:05  Marauder  
  104  10:16  Marine  
  104  10:41  Missile Turret  
  104  10:50  Orbital Command  
  104  10:55  Refinery  
  104  11:05  Factory  
  104  11:07  SCV  
  105  11:33  SCV x2  
  107  11:45  SCV x2  
  109  11:50  Factory Reactor  
  109  11:51  Starport  
  109  11:57  SCV x2  
  111  12:09  SCV x2  
  113  12:21  SCV x2  
  115  12:23  Command Center  
Tags
 
Add a new tag
Caveats
  • Supply blocks, unpowered buildings, or Contaminate may cause inaccurate times.
  • Supply counts are checked every 10 seconds.